New York Rangers vs Minnesota North Stars
Created - Monday, July 17, 2023 at 07:05
Goals
|
| New York Rangers |
0 |
1 |
1 |
1 |
3 |
| Minnesota North Stars |
0 |
1 |
1 |
0 |
2 |
|
Shots
|
| New York Rangers |
4 |
13 |
12 |
2 |
31 |
| Minnesota North Stars |
13 |
6 |
9 |
1 |
29 |
|
1st period
No Goal
Penalties :
Ryan Lindgren (NYR) for Cross-checking (Minor) at 14:54
2nd period
1. New York Rangers , Patrice Bergeron 8 (Mark Giordano 3, Mikael Granlund 9) at 2:32
2. Minnesota North Stars , Jonathan Toews 5 (Jeff Skinner 10, Yegor Sharangovich 2) at 2:46
Penalties :
Eric Robinson (NYR) for Slashing (Minor) at 4:03, Alex Goligoski (MNS) for Hooking (Minor) at 16:56, Nathan MacKinnon (NYR) for Hooking (Minor) at 17:07
3rd period
3. New York Rangers , Blake Wheeler 4 (Adam Larsson 2, Pierre-Luc Dubois 4) at 14:33
4. Minnesota North Stars , Jack Hughes 8 (Evgeni Malkin 8, Anthony Duclair 6) at 17:13 (PP)
Penalties :
Patrice Bergeron (NYR) for High sticking (Minor) at 2:54, Blake Wheeler (NYR) for Hooking (Minor) at 7:40, Mark Giordano (NYR) for Tripping (Minor) at 16:38
Overtime #1
5. New York Rangers , Mikael Granlund 4 (Jake McCabe 5, Nathan MacKinnon 12) at 0:46
Penalties :
No Penalty
Goalie Stats
Igor Shesterkin (NYR), 27 saves from 29 shots - (0.931), W, 10-4-2, 60:46 minutes
Brian Elliott (MNS), 28 saves from 31 shots - (0.903), OTL, 9-5-3, 60:46 minutes
Players Stats for New York Rangers
Player Name G A P +/- PIM S H SB GA TA FO MP PP MP PK MP
------------------------------------------------------------------------------------
Adam Larsson 0 1 1 1 0 0 4 0 0 1 0/0 27:18 0:00 3:49
Andre Burakovsky 0 0 0 1 0 0 1 1 0 1 0/0 14:22 0:00 0:02
Blake Wheeler 1 0 1 1 2 2 2 2 0 1 0/1 14:55 0:11 0:00
Cam Fowler 0 0 0 1 0 0 0 0 0 1 0/0 26:59 0:11 3:49
Cole Caufield 0 0 0 0 0 2 0 0 0 0 0/0 12:39 0:00 0:00
Conor Garland 0 0 0 0 0 4 1 0 1 0 0/1 14:20 0:00 1:32
David Kampf 0 0 0 0 0 0 2 0 3 0 5/6 13:30 0:00 3:54
Dmitry Kulikov 0 0 0 -1 0 1 0 1 0 0 0/0 18:36 0:00 4:53
Eric Robinson 0 0 0 0 2 3 1 0 0 0 0/0 12:29 0:00 2:54
Jake McCabe 0 1 1 2 0 2 2 3 0 1 0/0 19:25 0:00 4:34
Mark Giordano 0 1 1 2 2 1 2 1 0 2 0/0 16:15 0:00 0:19
Mikael Granlund 1 1 2 1 0 2 4 0 1 1 0/0 18:48 0:00 4:13
Nathan MacKinnon 0 1 1 1 2 3 1 0 0 0 0/0 14:13 0:10 0:00
Patrice Bergeron 1 0 1 1 2 3 3 1 0 0 16/23 18:11 0:11 3:13
Pierre-Luc Dubois 0 1 1 1 0 1 5 1 0 0 5/11 15:40 0:11 1:29
Ryan Lindgren 0 0 0 -1 2 1 0 1 0 0 0/0 12:48 0:00 0:00
T.J. Oshie 0 0 0 0 0 5 2 0 0 0 3/8 12:39 0:00 0:00
Tyler Motte 0 0 0 0 0 1 0 0 0 0 1/1 10:07 0:00 0:07
Players Stats for Minnesota North Stars
Player Name G A P +/- PIM S H SB GA TA FO MP PP MP PK MP
------------------------------------------------------------------------------------
Adam Lowry 0 0 0 -1 0 1 8 0 0 0 5/10 14:32 0:38 0:03
Alex Goligoski 0 0 0 -1 2 3 0 0 0 0 0/0 18:20 4:27 0:00
Andrew Poturalski 0 0 0 0 0 1 1 0 0 0 2/4 8:31 0:00 0:00
Anthony Duclair 0 1 1 -1 0 0 1 0 0 0 1/2 18:06 4:19 0:00
Conor Sheary 0 0 0 0 0 0 1 0 0 0 0/0 8:31 0:00 0:00
Evgeni Malkin 0 1 1 -1 0 5 2 1 1 0 6/16 19:15 4:22 0:08
Gustav Forsling 0 0 0 -1 0 0 0 1 0 2 0/0 25:40 4:23 0:11
Gustav Nyquist 0 0 0 -1 0 1 0 1 0 0 0/1 14:32 0:41 0:00
Jack Hughes 1 0 1 -1 0 4 1 0 0 1 0/1 19:10 4:22 0:03
Jamie Oleksiak 0 0 0 -1 0 0 1 0 0 0 0/0 14:33 0:03 0:00
Jeff Skinner 0 1 1 0 0 2 2 0 3 0 0/2 18:43 3:54 0:00
Jonathan Toews 1 0 1 0 0 4 0 0 0 1 7/11 18:36 3:42 0:08
Neal Pionk 0 0 0 0 0 0 0 0 0 0 0/0 20:48 4:19 0:00
Nino Niederreiter 0 0 0 0 0 2 0 0 0 0 0/1 8:57 0:26 0:00
Rasmus Dahlin 0 0 0 -1 0 0 2 0 2 0 0/0 25:47 4:23 0:11
Viktor Arvidsson 0 0 0 -1 0 3 2 1 1 0 0/1 13:48 0:00 0:00
Yegor Sharangovich 0 1 1 0 0 3 2 0 0 0 0/2 17:15 3:31 0:00
Zdeno Chara 0 0 0 0 0 0 2 0 1 1 0/0 16:46 0:00 0:00
3 Stars
1 - Mikael Granlund (NYR)
2 - Pierre-Luc Dubois (NYR)
3 - Jake McCabe (NYR)
Power Play
New York Rangers - 0 on 1 Attempt(s) - 0.00%
Minnesota North Stars - 1 on 6 Attempt(s) - 16.67%
Penalty Kill
New York Rangers - 5 on 6 Attempt(s) - 83.33%
- Score 0 goal in Penalty Kill
Minnesota North Stars - 1 on 1 Attempt(s) - 100.00%
- Score 0 goal in Penalty Kill
Team Stat
New York Rangers - Hits : 30 - Faceoff Wins : 30 - Blocked Shots : 11 - Penalty Minutes : 12
Minnesota North Stars - Hits : 25 - Faceoff Wins : 21 - Blocked Shots : 4 - Penalty Minutes : 2
Official
Referees : Graham Skiliter and Justin StPierre
Linesman : Derek Amell and Ryan Galloway
Game Notes
No Game Note
Finance
Level 1 -- Attendance: 6000 (100.00%) -- Ticket Income $600,000
Level 2 -- Attendance: 5000 (100.00%) -- Ticket Income $300,000
Level 3 -- Attendance: 3000 (100.00%) -- Ticket Income $105,000
Level 4 -- Attendance: 5000 (100.00%) -- Ticket Income $125,000
Luxury Box -- Attendance: 1000 (100.00%) -- Ticket Income $200,000
Game was played at the Met Center.
Total Attendance: 20000 (100.00%)
Total Ticket Income: $1,330,000
Other Income: $465,500
Total Income: $1,795,500
New York Rangers
5 vs 5 Forward
Center Left Wing Right Wing Time % Phy DF OF
1 Patrice Bergeron Mikael Granlund Nathan MacKinnon 30 1 2 2
2 Pierre-Luc Dubois Andre Burakovsky Blake Wheeler 30 1 2 2
3 T.J. Oshie Conor Garland Cole Caufield 25 1 2 2
4 David Kampf Eric Robinson Tyler Motte 15 1 2 2
5 vs 5 Defense
Defense Defense Time % Phy DF OF
1 Cam Fowler Adam Larsson 30 1 2 2
2 Mark Giordano Jake McCabe 30 1 2 2
3 Ryan Lindgren Dmitry Kulikov 25 1 2 2
4 Cam Fowler Adam Larsson 15 1 2 2
PowerPlay Forward
Center Left Wing Right Wing Time % Phy DF OF
1 Patrice Bergeron Blake Wheeler Nathan MacKinnon 50 1 2 2
2 Mikael Granlund Andre Burakovsky Cole Caufield 50 1 2 2
PowerPlay Defense
Defense Defense Time % Phy DF OF
1 Cam Fowler Pierre-Luc Dubois 50 1 2 2
2 Mark Giordano T.J. Oshie 50 1 2 2
Penalty Kill 4 Players Forward
Center Wing Time % Phy DF OF
1 Patrice Bergeron Mikael Granlund 50 1 2 2
2 David Kampf Eric Robinson 50 1 2 2
Penalty Kill 4 Players Defense
Defense Defense Time % Phy DF OF
1 Cam Fowler Adam Larsson 50 1 2 2
2 Jake McCabe Dmitry Kulikov 50 1 2 2
Penalty Kill - 3 Players Forward
Forward Time % Phy DF OF
1 Nathan MacKinnon 50 1 2 2
2 Patrice Bergeron 50 1 2 2
Penalty Kill - 3 Players Defense
Defense Defense Time % Phy DF OF
1 Cam Fowler Adam Larsson 50 1 2 2
2 Jake McCabe Dmitry Kulikov 50 1 2 2
4 vs 4 Forward
Center Wing Time % Phy DF OF
1 Nathan MacKinnon Patrice Bergeron 50 1 2 2
2 Mikael Granlund Blake Wheeler 50 1 2 2
4 vs 4 Defense
Defense Defense Time % Phy DF OF
1 Cam Fowler Adam Larsson 50 1 2 2
2 Mark Giordano Dmitry Kulikov 50 1 2 2
Last Minutes Offensive
Center Left Wing Right Wing Defense Defense
Nathan MacKinnon Mikael Granlund Blake Wheeler Cam Fowler Adam Larsson
Last Minutes Defensive
Center Left Wing Right Wing Defense Defense
Nathan MacKinnon Mikael Granlund Blake Wheeler Cam Fowler Adam Larsson
Goaltenders
Starting : Igor Shesterkin
Backup : Tristan Jarry
Extra Forwards
Normal : Tyler Motte, Andre Burakovsky, Conor Garland - PP : Tyler Motte, Andre Burakovsky - PK : Conor Garland
Extra Defensemen
Normal : Dmitry Kulikov, Jake McCabe, Mark Giordano - PP : Dmitry Kulikov - PK : Jake McCabe, Mark Giordano
Penalty Shots
Nathan MacKinnon, Patrice Bergeron, Mikael Granlund, Blake Wheeler, Pierre-Luc Dubois
Minnesota North Stars
5 vs 5 Forward
Center Left Wing Right Wing Time % Phy DF OF
1 Evgeni Malkin Jack Hughes Anthony Duclair 32 1 2 2
2 Jonathan Toews Jeff Skinner Yegor Sharangovich 32 1 2 2
3 Adam Lowry Gustav Nyquist Viktor Arvidsson 31 1 2 2
4 Andrew Poturalski Nino Niederreiter Conor Sheary 5 1 2 2
5 vs 5 Defense
Defense Defense Time % Phy DF OF
1 Rasmus Dahlin Gustav Forsling 30 1 2 2
2 Neal Pionk Zdeno Chara 30 1 2 2
3 Jamie Oleksiak Alex Goligoski 25 1 2 2
4 Rasmus Dahlin Gustav Forsling 15 1 2 2
PowerPlay Forward
Center Left Wing Right Wing Time % Phy DF OF
1 Evgeni Malkin Jack Hughes Anthony Duclair 50 1 2 2
2 Jonathan Toews Jeff Skinner Yegor Sharangovich 50 1 2 2
PowerPlay Defense
Defense Defense Time % Phy DF OF
1 Rasmus Dahlin Gustav Forsling 50 1 2 2
2 Neal Pionk Alex Goligoski 50 1 2 2
Penalty Kill 4 Players Forward
Center Wing Time % Phy DF OF
1 Jonathan Toews Evgeni Malkin 50 1 2 2
2 Adam Lowry Jack Hughes 50 1 2 2
Penalty Kill 4 Players Defense
Defense Defense Time % Phy DF OF
1 Rasmus Dahlin Gustav Forsling 50 1 2 2
2 Jamie Oleksiak Zdeno Chara 50 1 2 2
Penalty Kill - 3 Players Forward
Forward Time % Phy DF OF
1 Evgeni Malkin 50 1 2 2
2 Jonathan Toews 50 1 2 2
Penalty Kill - 3 Players Defense
Defense Defense Time % Phy DF OF
1 Rasmus Dahlin Gustav Forsling 50 1 2 2
2 Jamie Oleksiak Zdeno Chara 50 1 2 2
4 vs 4 Forward
Center Wing Time % Phy DF OF
1 Evgeni Malkin Jack Hughes 50 1 2 2
2 Jonathan Toews Jeff Skinner 50 1 2 2
4 vs 4 Defense
Defense Defense Time % Phy DF OF
1 Rasmus Dahlin Gustav Forsling 50 1 2 2
2 Neal Pionk Zdeno Chara 50 1 2 2
Last Minutes Offensive
Center Left Wing Right Wing Defense Defense
Jonathan Toews Jack Hughes Evgeni Malkin Rasmus Dahlin Neal Pionk
Last Minutes Defensive
Center Left Wing Right Wing Defense Defense
Jonathan Toews Adam Lowry Evgeni Malkin Gustav Forsling Zdeno Chara
Goaltenders
Starting : Brian Elliott
Backup : Antti Raanta
Extra Forwards
Normal : Evgeni Malkin, Jeff Skinner, Yegor Sharangovich - PP : Jack Hughes, Jeff Skinner - PK : Jonathan Toews
Extra Defensemen
Normal : Jamie Oleksiak, Gustav Forsling, Neal Pionk - PP : Gustav Forsling - PK : Gustav Forsling, Neal Pionk
Penalty Shots
Alex Goligoski, Anthony Duclair, Neal Pionk, Jack Hughes, Yegor Sharangovich
% Time on Ice - New York Rangers
Lines # - Real PCT - Wanted PCT - Time Play
Normal Forward
1 - 28% - 30% - 13:52
2 - 29% - 30% - 14:17
3 - 25% - 25% - 12:39
4 - 19% - 15% - 9:17
Normal Defense
1 - 31% - 30% - 15:20
2 - 31% - 30% - 15:33
3 - 26% - 25% - 12:47
4 - 13% - 15% - 6:25
PP Forward
1 - 100% - 50% - 0:11
2 - 0% - 50% - 0:00
PP Defense
1 - 100% - 50% - 0:11
2 - 0% - 50% - 0:00
PK Forward
1 - 52% - 50% - 4:30
2 - 48% - 50% - 4:12
PK Defense
1 - 44% - 50% - 3:49
2 - 56% - 50% - 4:53
PK3 Forward
1 - 0% - 50%
2 - 0% - 50%
PK3 Defense
1 - 0% - 50%
2 - 0% - 50%
44 Forward
1 - 60% - 50% - 1:05
2 - 40% - 50% - 0:43
44 Defense
1 - 69% - 50% - 1:14
2 - 31% - 50% - 0:34
Last Minute Offensive - 0:00
Last Minute Defensive - 0:00
Total
Forward - 60:46
Defense - 60:46
|
% Time on Ice - Minnesota North Stars
Lines # - Real PCT - Wanted PCT - Time Play
Normal Forward
1 - 28% - 32% - 13:47
2 - 28% - 32% - 13:59
3 - 28% - 31% - 13:48
4 - 17% - 5% - 8:31
Normal Defense
1 - 29% - 30% - 14:33
2 - 34% - 30% - 16:48
3 - 26% - 25% - 13:10
4 - 11% - 15% - 5:34
PP Forward
1 - 50% - 50% - 4:22
2 - 50% - 50% - 4:20
PP Defense
1 - 50% - 50% - 4:23
2 - 50% - 50% - 4:19
PK Forward
1 - 73% - 50% - 0:08
2 - 27% - 50% - 0:03
PK Defense
1 - 100% - 50% - 0:11
2 - 0% - 50% - 0:00
PK3 Forward
1 - 0% - 50%
2 - 0% - 50%
PK3 Defense
1 - 0% - 50%
2 - 0% - 50%
44 Forward
1 - 54% - 50% - 0:58
2 - 46% - 50% - 0:50
44 Defense
1 - 55% - 50% - 0:59
2 - 45% - 50% - 0:49
Last Minute Offensive - 0:00
Last Minute Defensive - 0:00
Total
Forward - 60:46
Defense - 60:46
|
Play-by-Play
1st period
0:01 of 1st period - Patrice Bergeron wins face-off versus Jack Hughes in neutral zone.
0:59 of 1st period - Wrist shot by Jeff Skinner.
0:59 of 1st period - Deflect By Jonathan Toews.
0:59 of 1st period - Stopped by Igor Shesterkin with a rebound.
1:15 of 1st period - Snap shot by Jeff Skinner.
1:15 of 1st period - Stopped by Igor Shesterkin without a rebound.
1:16 of 1st period - Andrew Poturalski wins face-off versus Pierre-Luc Dubois in New York Rangers zone.
1:25 of 1st period - Snap shot by Nino Niederreiter.
1:25 of 1st period - Stopped by Igor Shesterkin with a rebound.
1:27 of 1st period - Wrist shot by Conor Sheary.
1:27 of 1st period - Shot Blocked by Blake Wheeler.
1:29 of 1st period - Snap shot by Andrew Poturalski.
1:29 of 1st period - Shot Misses the Net.
1:31 of 1st period - Snap shot by Alex Goligoski.
1:31 of 1st period - Shot Blocked by Blake Wheeler.
3:12 of 1st period - Jake McCabe is hit by Adam Lowry and loses puck.
3:17 of 1st period - Snap shot by Viktor Arvidsson.
3:17 of 1st period - Stopped by Igor Shesterkin with a rebound.
3:19 of 1st period - Wrist shot by Gustav Nyquist.
3:19 of 1st period - Deflect By Viktor Arvidsson.
3:19 of 1st period - Shot Misses the Net.
3:19 of 1st period - Puck is out of play.
3:20 of 1st period - Evgeni Malkin wins face-off versus T.J. Oshie in New York Rangers zone.
3:21 of 1st period - Snap shot by Jack Hughes.
3:21 of 1st period - Stopped by Igor Shesterkin with a rebound.
3:23 of 1st period - Slapshot by Evgeni Malkin.
3:23 of 1st period - Stopped by Igor Shesterkin with a rebound.
3:25 of 1st period - Slapshot by Alex Goligoski.
3:25 of 1st period - Stopped by Igor Shesterkin with a rebound.
3:27 of 1st period - Snap shot by Jack Hughes.
3:27 of 1st period - Shot Misses the Net.
3:29 of 1st period - Slapshot by Alex Goligoski.
3:29 of 1st period - Stopped by Igor Shesterkin without a rebound.
3:30 of 1st period - Evgeni Malkin wins face-off versus T.J. Oshie in New York Rangers zone.
3:41 of 1st period - Snap shot by Jack Hughes.
3:41 of 1st period - Deflect By T.J. Oshie.
3:41 of 1st period - Stopped by Igor Shesterkin without a rebound.
3:42 of 1st period - Jonathan Toews wins face-off versus Pierre-Luc Dubois in New York Rangers zone.
3:49 of 1st period - Slapshot by Jonathan Toews.
3:49 of 1st period - Shot Misses the Net.
4:09 of 1st period - Mikael Granlund is hit by Adam Lowry and loses puck.
4:33 of 1st period - Snap shot by T.J. Oshie.
4:33 of 1st period - Shot Misses the Net.
5:13 of 1st period - Backhand shot by Nino Niederreiter.
5:13 of 1st period - Stopped by Igor Shesterkin without a rebound.
5:14 of 1st period - Pierre-Luc Dubois wins face-off versus Nino Niederreiter in New York Rangers zone.
5:33 of 1st period - Snap shot by Pierre-Luc Dubois.
5:33 of 1st period - Shot Misses the Net.
7:03 of 1st period - Slapshot by Ryan Lindgren.
7:03 of 1st period - Stopped by Brian Elliott with a rebound.
7:25 of 1st period - Snap shot by Jack Hughes.
7:25 of 1st period - Stopped by Igor Shesterkin without a rebound.
7:26 of 1st period - Jonathan Toews wins face-off versus Pierre-Luc Dubois in New York Rangers zone.
7:27 of 1st period - Wrist shot by Jeff Skinner.
7:27 of 1st period - Shot Blocked by Pierre-Luc Dubois.
8:05 of 1st period - Wrist shot by Viktor Arvidsson.
8:05 of 1st period - Stopped by Igor Shesterkin with a rebound.
8:15 of 1st period - T.J. Oshie is hit by Zdeno Chara and loses puck.
8:38 of 1st period - Wrist shot by T.J. Oshie.
8:38 of 1st period - Stopped by Brian Elliott with a rebound.
8:40 of 1st period - Slapshot by Eric Robinson.
8:40 of 1st period - Stopped by Brian Elliott with a rebound.
8:42 of 1st period - Slapshot by Adam Larsson.
8:42 of 1st period - Shot Misses the Net.
8:44 of 1st period - Slapshot by Adam Larsson.
8:44 of 1st period - Shot Misses the Net.
10:04 of 1st period - Gustav Forsling is hit by David Kampf and loses puck.
10:13 of 1st period - Wrist shot by Jonathan Toews.
10:13 of 1st period - Stopped by Igor Shesterkin without a rebound.
10:14 of 1st period - Adam Lowry wins face-off versus Pierre-Luc Dubois in New York Rangers zone.
10:32 of 1st period - Off-side.
10:33 of 1st period - Patrice Bergeron wins face-off versus Evgeni Malkin in neutral zone.
10:36 of 1st period - Anthony Duclair is hit by Adam Larsson and loses puck.
11:22 of 1st period - Ryan Lindgren is hit by Viktor Arvidsson and loses puck.
12:07 of 1st period - Off-side.
12:08 of 1st period - Patrice Bergeron wins face-off versus Evgeni Malkin in neutral zone.
12:19 of 1st period - Mikael Granlund is hit by Evgeni Malkin and loses puck.
12:41 of 1st period - Jake McCabe is hit by Rasmus Dahlin and loses puck.
13:23 of 1st period - Snap shot by Conor Sheary.
13:23 of 1st period - Shot Blocked by Jake McCabe.
13:45 of 1st period - Jack Hughes is hit by Patrice Bergeron and loses puck.
14:24 of 1st period - Wrist shot by Pierre-Luc Dubois.
14:24 of 1st period - Stopped by Brian Elliott with a rebound.
14:52 of 1st period - Snap shot by Conor Sheary.
14:52 of 1st period - Shot Misses the Net.
14:54 of 1st period - Minor Penalty to Ryan Lindgren for Cross-checking.
14:55 of 1st period - Evgeni Malkin wins face-off versus Patrice Bergeron in New York Rangers zone.
16:54 of 1st period - Penalty to Ryan Lindgren is over, Ryan Lindgren is back on ice.
17:01 of 1st period - Blake Wheeler is hit by Adam Lowry and loses puck.
17:20 of 1st period - Nino Niederreiter is hit by Mark Giordano and loses puck.
17:27 of 1st period - Adam Larsson is hit by Rasmus Dahlin and loses puck.
17:40 of 1st period - Cole Caufield is hit by Adam Lowry and loses puck.
18:07 of 1st period - Neal Pionk is hit by David Kampf and loses puck.
18:39 of 1st period - T.J. Oshie is hit by Yegor Sharangovich.
19:29 of 1st period - Icing by Gustav Nyquist.
19:30 of 1st period - Andrew Poturalski wins face-off versus T.J. Oshie in Minnesota North Stars zone.
Goals for this period are 0 for New York Rangers vs 0 for Minnesota North Stars.
Shots for this period are 4 for New York Rangers vs 13 for Minnesota North Stars.
2nd period
0:01 of 2nd period - Patrice Bergeron wins face-off versus Yegor Sharangovich in neutral zone.
0:25 of 2nd period - Rasmus Dahlin is hit by Adam Larsson and loses puck.
0:36 of 2nd period - Slapshot by Blake Wheeler.
0:36 of 2nd period - Shot Misses the Net.
1:10 of 2nd period - Ryan Lindgren is hit by Jeff Skinner and loses puck.
1:17 of 2nd period - Snap shot by Yegor Sharangovich.
1:17 of 2nd period - Stopped by Igor Shesterkin without a rebound.
1:18 of 2nd period - Patrice Bergeron wins face-off versus Jeff Skinner in New York Rangers zone.
1:23 of 2nd period - Jonathan Toews is hit by Patrice Bergeron and loses puck.
1:50 of 2nd period - Slapshot by Jack Hughes.
1:50 of 2nd period - Shot Misses the Net.
2:26 of 2nd period - Snap shot by Mikael Granlund.
2:26 of 2nd period - Shot Blocked by Gustav Forsling.
2:28 of 2nd period - Slapshot by Mikael Granlund.
2:28 of 2nd period - Shot Misses the Net.
2:30 of 2nd period - Slapshot by Mark Giordano.
2:30 of 2nd period - Stopped by Brian Elliott with a rebound.
2:32 of 2nd period - Snap shot by Patrice Bergeron.
2:32 of 2nd period - Goal by Patrice Bergeron - New York Rangers : 1 - Minnesota North Stars : 0.
2:33 of 2nd period - Jonathan Toews wins face-off versus Patrice Bergeron in neutral zone.
2:46 of 2nd period - Wrist shot by Jonathan Toews.
2:46 of 2nd period - Goal by Jonathan Toews - New York Rangers : 1 - Minnesota North Stars : 1.
2:47 of 2nd period - Patrice Bergeron wins face-off versus Evgeni Malkin in neutral zone.
3:00 of 2nd period - Snap shot by Evgeni Malkin.
3:00 of 2nd period - Shot Misses the Net.
3:50 of 2nd period - Icing by Gustav Nyquist.
3:51 of 2nd period - David Kampf wins face-off versus Andrew Poturalski in Minnesota North Stars zone.
4:03 of 2nd period - Minor Penalty to Eric Robinson for Slashing.
4:04 of 2nd period - David Kampf wins face-off versus Jonathan Toews in New York Rangers zone.
6:03 of 2nd period - Penalty to Eric Robinson is over, Eric Robinson is back on ice.
6:14 of 2nd period - Mark Giordano is hit by Adam Lowry and loses puck.
6:57 of 2nd period - Wrist shot by Eric Robinson.
6:57 of 2nd period - Stopped by Brian Elliott without a rebound.
6:58 of 2nd period - David Kampf wins face-off versus Andrew Poturalski in Minnesota North Stars zone.
7:21 of 2nd period - Jack Hughes is hit by Jake McCabe.
7:48 of 2nd period - Slapshot by Conor Garland.
7:48 of 2nd period - Shot Misses the Net.
7:50 of 2nd period - Snap shot by Conor Garland.
7:50 of 2nd period - Shot Blocked by Viktor Arvidsson.
7:52 of 2nd period - Wrist shot by T.J. Oshie.
7:52 of 2nd period - Deflect By Conor Garland.
7:52 of 2nd period - Stopped by Brian Elliott with a rebound.
8:04 of 2nd period - Yegor Sharangovich is hit by Blake Wheeler and loses puck.
8:45 of 2nd period - Gustav Forsling is hit by Nathan MacKinnon and loses puck.
9:06 of 2nd period - Nino Niederreiter is hit by Jake McCabe and loses puck.
9:42 of 2nd period - Snap shot by T.J. Oshie.
9:42 of 2nd period - Stopped by Brian Elliott without a rebound.
9:43 of 2nd period - Pierre-Luc Dubois wins face-off versus Evgeni Malkin in Minnesota North Stars zone.
9:54 of 2nd period - Evgeni Malkin is hit by Andre Burakovsky and loses puck.
10:09 of 2nd period - Dmitry Kulikov is hit by Adam Lowry and loses puck.
10:56 of 2nd period - Slapshot by Andrew Poturalski.
10:56 of 2nd period - Shot Misses the Net.
10:58 of 2nd period - Backhand shot by Gustav Forsling.
10:58 of 2nd period - Shot Misses the Net.
11:00 of 2nd period - Wrist shot by Andrew Poturalski.
11:00 of 2nd period - Stopped by Igor Shesterkin with a rebound.
11:20 of 2nd period - Jack Hughes is hit by Conor Garland and loses puck.
11:59 of 2nd period - Snap shot by Tyler Motte.
11:59 of 2nd period - Stopped by Brian Elliott with a rebound.
12:05 of 2nd period - Mark Giordano is hit by Jeff Skinner and loses puck.
12:21 of 2nd period - Off-side.
12:22 of 2nd period - Anthony Duclair wins face-off versus Blake Wheeler in neutral zone.
12:29 of 2nd period - Wrist shot by Evgeni Malkin.
12:29 of 2nd period - Shot Misses the Net.
12:56 of 2nd period - Snap shot by Evgeni Malkin.
12:56 of 2nd period - Shot Blocked by Dmitry Kulikov.
13:16 of 2nd period - T.J. Oshie is hit by Jamie Oleksiak and loses puck.
13:51 of 2nd period - Snap shot by Evgeni Malkin.
13:51 of 2nd period - Stopped by Igor Shesterkin without a rebound.
13:52 of 2nd period - Patrice Bergeron wins face-off versus Jonathan Toews in New York Rangers zone.
14:09 of 2nd period - Jonathan Toews is hit by Patrice Bergeron and loses puck.
14:24 of 2nd period - Snap shot by Pierre-Luc Dubois.
14:24 of 2nd period - Shot Misses the Net.
14:28 of 2nd period - Wrist shot by Blake Wheeler.
14:28 of 2nd period - Stopped by Brian Elliott with a rebound.
14:30 of 2nd period - Slapshot by Jake McCabe.
14:30 of 2nd period - Stopped by Brian Elliott without a rebound.
14:31 of 2nd period - Patrice Bergeron wins face-off versus Adam Lowry in Minnesota North Stars zone.
14:32 of 2nd period - Snap shot by Nathan MacKinnon.
14:32 of 2nd period - Stopped by Brian Elliott with a rebound.
14:34 of 2nd period - Snap shot by Mikael Granlund.
14:34 of 2nd period - Stopped by Brian Elliott with a rebound.
14:36 of 2nd period - Wrist shot by Nathan MacKinnon.
14:36 of 2nd period - Deflect By Mikael Granlund.
14:36 of 2nd period - Deflect By Viktor Arvidsson.
14:36 of 2nd period - Shot Misses the Net.
14:36 of 2nd period - Puck is out of play.
14:37 of 2nd period - Patrice Bergeron wins face-off versus Adam Lowry in Minnesota North Stars zone.
14:44 of 2nd period - Slapshot by Patrice Bergeron.
14:44 of 2nd period - Stopped by Brian Elliott with a rebound.
14:50 of 2nd period - Wrist shot by Nathan MacKinnon.
14:50 of 2nd period - Stopped by Brian Elliott with a rebound.
14:52 of 2nd period - Snap shot by Mikael Granlund.
14:52 of 2nd period - Shot Blocked by Gustav Nyquist.
15:06 of 2nd period - Zdeno Chara is hit by Pierre-Luc Dubois and loses puck.
15:29 of 2nd period - Cole Caufield is hit by Zdeno Chara and loses puck.
15:40 of 2nd period - Neal Pionk is hit by T.J. Oshie and loses puck.
16:19 of 2nd period - Snap shot by Eric Robinson.
16:19 of 2nd period - Stopped by Brian Elliott with a rebound.
16:39 of 2nd period - Snap shot by Jeff Skinner.
16:39 of 2nd period - Shot Misses the Net.
16:41 of 2nd period - Snap shot by Jonathan Toews.
16:41 of 2nd period - Shot Misses the Net.
16:43 of 2nd period - Wrist shot by Yegor Sharangovich.
16:43 of 2nd period - Shot Blocked by Jake McCabe.
16:45 of 2nd period - Snap shot by Yegor Sharangovich.
16:45 of 2nd period - Stopped by Igor Shesterkin without a rebound.
16:46 of 2nd period - Patrice Bergeron wins face-off versus Evgeni Malkin in New York Rangers zone.
16:56 of 2nd period - Minor Penalty to Alex Goligoski for Hooking.
16:57 of 2nd period - Jonathan Toews wins face-off versus Patrice Bergeron in Minnesota North Stars zone.
16:57 of 2nd period - Jonathan Toews is hit by Pierre-Luc Dubois.
17:07 of 2nd period - Minor Penalty to Nathan MacKinnon for Hooking.
17:08 of 2nd period - Tyler Motte wins face-off versus Evgeni Malkin in New York Rangers zone.
17:35 of 2nd period - Jeff Skinner is hit by Blake Wheeler.
18:56 of 2nd period - Penalty to Alex Goligoski is over, Alex Goligoski is back on ice.
19:07 of 2nd period - Penalty to Nathan MacKinnon is over, Nathan MacKinnon is back on ice.
19:18 of 2nd period - Wrist shot by Jonathan Toews.
19:18 of 2nd period - Stopped by Igor Shesterkin without a rebound.
19:19 of 2nd period - Adam Lowry wins face-off versus Pierre-Luc Dubois in New York Rangers zone.
19:32 of 2nd period - Viktor Arvidsson is hit by Pierre-Luc Dubois and loses puck.
Goals for this period are 1 for New York Rangers vs 1 for Minnesota North Stars.
Shots for this period are 13 for New York Rangers vs 6 for Minnesota North Stars.
3rd period
0:01 of 3rd period - Patrice Bergeron wins face-off versus Jonathan Toews in neutral zone.
0:37 of 3rd period - Snap shot by Yegor Sharangovich.
0:37 of 3rd period - Shot Misses the Net.
1:45 of 3rd period - Jake McCabe is hit by Evgeni Malkin.
1:49 of 3rd period - Evgeni Malkin is hit by Mark Giordano and loses puck.
2:04 of 3rd period - Jake McCabe is hit by Viktor Arvidsson and loses puck.
2:46 of 3rd period - Slapshot by Rasmus Dahlin.
2:46 of 3rd period - Shot Blocked by Patrice Bergeron.
2:48 of 3rd period - Snap shot by Gustav Nyquist.
2:48 of 3rd period - Stopped by Igor Shesterkin with a rebound.
2:54 of 3rd period - Minor Penalty to Patrice Bergeron for High sticking.
2:55 of 3rd period - Evgeni Malkin wins face-off versus Conor Garland in New York Rangers zone.
3:04 of 3rd period - Mikael Granlund is hit by Anthony Duclair and loses puck.
4:54 of 3rd period - Penalty to Patrice Bergeron is over, Patrice Bergeron is back on ice.
5:04 of 3rd period - Cole Caufield is hit by Conor Sheary and loses puck.
5:15 of 3rd period - Andre Burakovsky is hit by Adam Lowry and loses puck.
5:45 of 3rd period - Nino Niederreiter is hit by T.J. Oshie and loses puck.
6:10 of 3rd period - Nathan MacKinnon is hit by Yegor Sharangovich and loses puck.
6:21 of 3rd period - Icing by Jeff Skinner.
6:22 of 3rd period - Jonathan Toews wins face-off versus David Kampf in Minnesota North Stars zone.
6:22 of 3rd period - Jonathan Toews is hit by Adam Larsson.
7:16 of 3rd period - Slapshot by Jeff Skinner.
7:16 of 3rd period - Stopped by Igor Shesterkin without a rebound.
7:17 of 3rd period - Evgeni Malkin wins face-off versus Pierre-Luc Dubois in New York Rangers zone.
7:40 of 3rd period - Minor Penalty to Blake Wheeler for Hooking.
7:41 of 3rd period - David Kampf wins face-off versus Evgeni Malkin in New York Rangers zone.
7:58 of 3rd period - Snap shot by Evgeni Malkin.
7:58 of 3rd period - Stopped by Igor Shesterkin with a rebound.
8:08 of 3rd period - Gustav Forsling is hit by Eric Robinson.
8:30 of 3rd period - Adam Larsson is hit by Jack Hughes and loses puck.
9:18 of 3rd period - Evgeni Malkin is hit by Mikael Granlund and loses puck.
9:40 of 3rd period - Penalty to Blake Wheeler is over, Blake Wheeler is back on ice.
9:55 of 3rd period - Wrist shot by Nino Niederreiter.
9:55 of 3rd period - Deflect By Andrew Poturalski.
9:55 of 3rd period - Shot Blocked by Mark Giordano.
9:55 of 3rd period - Puck is out of play.
9:56 of 3rd period - Pierre-Luc Dubois wins face-off versus Adam Lowry in New York Rangers zone.
10:05 of 3rd period - Pierre-Luc Dubois is hit by Adam Lowry and loses puck.
10:30 of 3rd period - Wrist shot by Conor Garland.
10:30 of 3rd period - Stopped by Brian Elliott with a rebound.
10:32 of 3rd period - Wrist shot by T.J. Oshie.
10:32 of 3rd period - Stopped by Brian Elliott without a rebound.
10:33 of 3rd period - Adam Lowry wins face-off versus Patrice Bergeron in Minnesota North Stars zone.
10:33 of 3rd period - Adam Lowry is hit by Mikael Granlund.
12:12 of 3rd period - Wrist shot by Evgeni Malkin.
12:12 of 3rd period - Stopped by Igor Shesterkin with a rebound.
12:22 of 3rd period - David Kampf is hit by Andrew Poturalski and loses puck.
12:35 of 3rd period - Snap shot by Andrew Poturalski.
12:35 of 3rd period - Shot Misses the Net.
13:05 of 3rd period - Snap shot by Ryan Lindgren.
13:05 of 3rd period - Deflect By Nathan MacKinnon.
13:05 of 3rd period - Stopped by Brian Elliott with a rebound.
13:07 of 3rd period - Slapshot by Dmitry Kulikov.
13:07 of 3rd period - Stopped by Brian Elliott without a rebound.
13:08 of 3rd period - Patrice Bergeron wins face-off versus Adam Lowry in Minnesota North Stars zone.
13:17 of 3rd period - Snap shot by Nathan MacKinnon.
13:17 of 3rd period - Shot Misses the Net.
13:31 of 3rd period - Slapshot by Viktor Arvidsson.
13:31 of 3rd period - Deflect By Adam Lowry.
13:31 of 3rd period - Stopped by Igor Shesterkin without a rebound.
13:32 of 3rd period - Pierre-Luc Dubois wins face-off versus Anthony Duclair in New York Rangers zone.
13:56 of 3rd period - Alex Goligoski is hit by Pierre-Luc Dubois and loses puck.
14:27 of 3rd period - Snap shot by Pierre-Luc Dubois.
14:27 of 3rd period - Shot Misses the Net.
14:29 of 3rd period - Slapshot by Adam Larsson.
14:29 of 3rd period - Shot Misses the Net.
14:31 of 3rd period - Wrist shot by Blake Wheeler.
14:31 of 3rd period - Shot Blocked by Evgeni Malkin.
14:33 of 3rd period - Wrist shot by Blake Wheeler.
14:33 of 3rd period - Goal by Blake Wheeler - New York Rangers : 2 - Minnesota North Stars : 1.
14:34 of 3rd period - Jonathan Toews wins face-off versus Patrice Bergeron in neutral zone.
14:42 of 3rd period - Icing by Jake McCabe.
14:43 of 3rd period - Patrice Bergeron wins face-off versus Jeff Skinner in New York Rangers zone.
15:12 of 3rd period - Snap shot by Nathan MacKinnon.
15:12 of 3rd period - Deflect By Patrice Bergeron.
15:12 of 3rd period - Shot Misses the Net.
15:12 of 3rd period - Puck is out of play.
15:13 of 3rd period - T.J. Oshie wins face-off versus Viktor Arvidsson in Minnesota North Stars zone.
15:16 of 3rd period - Wrist shot by Conor Garland.
15:16 of 3rd period - Stopped by Brian Elliott without a rebound.
15:17 of 3rd period - T.J. Oshie wins face-off versus Gustav Nyquist in Minnesota North Stars zone.
15:42 of 3rd period - Jack Hughes is hit by Mikael Granlund and loses puck.
16:38 of 3rd period - Minor Penalty to Mark Giordano for Tripping.
16:39 of 3rd period - David Kampf wins face-off versus Yegor Sharangovich in New York Rangers zone.
16:47 of 3rd period - Slapshot by Alex Goligoski.
16:47 of 3rd period - Stopped by Igor Shesterkin with a rebound.
16:49 of 3rd period - Wrist shot by Neal Pionk.
16:49 of 3rd period - Shot Blocked by Jake McCabe.
16:51 of 3rd period - Slapshot by Yegor Sharangovich.
16:51 of 3rd period - Shot Misses the Net.
16:53 of 3rd period - Wrist shot by Yegor Sharangovich.
16:53 of 3rd period - Shot Misses the Net.
16:55 of 3rd period - Snap shot by Jeff Skinner.
16:55 of 3rd period - Shot Misses the Net.
17:13 of 3rd period - Wrist shot by Jack Hughes.
17:13 of 3rd period - Goal by Jack Hughes - New York Rangers : 2 - Minnesota North Stars : 2.
17:14 of 3rd period - T.J. Oshie wins face-off versus Adam Lowry in neutral zone.
17:40 of 3rd period - Anthony Duclair is hit by Pierre-Luc Dubois and loses puck.
18:18 of 3rd period - Snap shot by Evgeni Malkin.
18:18 of 3rd period - Shot Blocked by Ryan Lindgren.
18:20 of 3rd period - Snap shot by Zdeno Chara.
18:20 of 3rd period - Shot Blocked by Andre Burakovsky.
18:22 of 3rd period - Snap shot by Jack Hughes.
18:22 of 3rd period - Shot Misses the Net.
18:24 of 3rd period - Snap shot by Anthony Duclair.
18:24 of 3rd period - Deflect By Evgeni Malkin.
18:24 of 3rd period - Stopped by Igor Shesterkin without a rebound.
18:25 of 3rd period - Adam Lowry wins face-off versus T.J. Oshie in New York Rangers zone.
18:26 of 3rd period - Snap shot by Viktor Arvidsson.
18:26 of 3rd period - Stopped by Igor Shesterkin with a rebound.
18:32 of 3rd period - Slapshot by T.J. Oshie.
18:32 of 3rd period - Stopped by Brian Elliott with a rebound.
18:34 of 3rd period - Snap shot by Cole Caufield.
18:34 of 3rd period - Stopped by Brian Elliott without a rebound.
18:35 of 3rd period - Adam Lowry wins face-off versus T.J. Oshie in Minnesota North Stars zone.
18:46 of 3rd period - Snap shot by Viktor Arvidsson.
18:46 of 3rd period - Shot Misses the Net.
18:54 of 3rd period - Slapshot by Cole Caufield.
18:54 of 3rd period - Stopped by Brian Elliott with a rebound.
18:56 of 3rd period - Snap shot by T.J. Oshie.
18:56 of 3rd period - Stopped by Brian Elliott with a rebound.
19:10 of 3rd period - Slapshot by Conor Garland.
19:10 of 3rd period - Stopped by Brian Elliott without a rebound.
19:11 of 3rd period - Patrice Bergeron wins face-off versus Evgeni Malkin in Minnesota North Stars zone.
19:26 of 3rd period - Slapshot by Patrice Bergeron.
19:26 of 3rd period - Stopped by Brian Elliott without a rebound.
19:27 of 3rd period - Evgeni Malkin wins face-off versus Patrice Bergeron in Minnesota North Stars zone.
19:27 of 3rd period - Evgeni Malkin is hit by Adam Larsson.
19:34 of 3rd period - Off-side.
19:35 of 3rd period - Patrice Bergeron wins face-off versus Evgeni Malkin in neutral zone.
Goals for this period are 1 for New York Rangers vs 1 for Minnesota North Stars.
Shots for this period are 12 for New York Rangers vs 9 for Minnesota North Stars.
Overtime #1
0:01 of 1st overtime period - Jonathan Toews wins face-off versus Patrice Bergeron in neutral zone.
0:16 of 1st overtime period - Wrist shot by Jeff Skinner.
0:16 of 1st overtime period - Deflect By Yegor Sharangovich.
0:16 of 1st overtime period - Stopped by Igor Shesterkin without a rebound.
0:17 of 1st overtime period - Pierre-Luc Dubois wins face-off versus Evgeni Malkin in New York Rangers zone.
0:29 of 1st overtime period - Off-side.
0:30 of 1st overtime period - Patrice Bergeron wins face-off versus Jonathan Toews in neutral zone.
0:33 of 1st overtime period - Jeff Skinner is hit by Mikael Granlund and loses puck.
0:42 of 1st overtime period - Slapshot by Mikael Granlund.
0:42 of 1st overtime period - Shot Misses the Net.
0:44 of 1st overtime period - Snap shot by Jake McCabe.
0:44 of 1st overtime period - Deflect By Rasmus Dahlin.
0:44 of 1st overtime period - Stopped by Brian Elliott with a rebound.
0:46 of 1st overtime period - Snap shot by Mikael Granlund.
0:46 of 1st overtime period - Goal by Mikael Granlund - New York Rangers : 3 - Minnesota North Stars : 2.
Goals for this period are 1 for New York Rangers vs 0 for Minnesota North Stars.
Shots for this period are 2 for New York Rangers vs 1 for Minnesota North Stars.
Back to the Top